AoeStats
← SlowBoy

Arabia

503448335Analyzed
1v1 RM · 1mo ago on Aug 31, 2026· 58m 20s· 2 players
Game mode
Random Map
Map size
Tiny (2 player)
Population
200
Speed
Normal
Resources
Standard
Victory
Conquest
Starting age
Dark Age
Ending age
Imperial Age
RankedLock teamsTeams togetherTeam positionsShared explorationLock speedFull tech treeHidden civsTurbo modeCheats
Victory
Defeat
🇧🇷 Maya · Brazil
1690
+15
🇨🇴 Mongols · Colombia
1674
-15
GoodBunny
2:36 Loom
9:00 Feudal Age
9:46 Double-Bit Axe
11:23 Horse Collar
14:13 Wheelbarrow
16:14 Wheelbarrow
18:52 Castle Age
17:31 Gold Mining
17:59 Fletching
18:34 Padded Archer Armor
19:00 Elite Skirmisher
19:53 Bodkin Arrow
21:53 Bow Saw
23:05 Heavy Plow
23:14 Town Watch
24:20 Hand Cart
29:36 Scale Barding Armor
29:42 Bloodlines
31:30 Ballistics
31:32 Leather Archer Armor
31:38 Chain Barding Armor
31:46 Husbandry
34:16 Thumb Ring
37:20 Imperial Age
35:50 Forging
35:04 Light Cavalry
37:28 Iron Casting
39:13 Bracer
38:55 Hussar
42:12 Chemistry
42:57 Blast Furnace
42:04 Capped Ram
46:40 Hussar
47:51 Siege Ram
49:10 Elite Steppe Lancer
SlowBoy
0:26 Loom
9:18 Feudal Age
9:53 Double-Bit Axe
12:46 Horse Collar
16:29 Fletching
16:49 Padded Archer Armor
17:37 Wheelbarrow
21:31 Castle Age
19:46 Gold Mining
22:25 Bow Saw
21:36 Crossbowman
22:51 Bodkin Arrow
22:58 Heavy Plow
24:08 Stone Mining
27:09 Town Watch
29:44 Leather Archer Armor
30:37 Ballistics
33:14 Imperial Age
32:09 Thumb Ring
32:54 Elite Skirmisher
33:57 Bracer
35:36 Ring Archer Armor
36:52 Hand Cart
39:51 Chemistry
40:03 Masonry
39:48 Murder Holes
41:26 Hul'che Javelineers
41:55 Arbalester
44:15 Crop Rotation
44:48 Conscription
45:42 Architecture
44:53 Treadmill Crane
46:32 Scale Mail Armor
46:43 Forging
46:29 Eagle Warrior
47:10 Squires
46:56 Arson
47:39 Elite Eagle Warrior
49:09 Chain Mail Armor
49:34 Holcans
50:10 Iron Casting
50:09 Guilds
51:02 Plate Mail Armor
51:21 Pikeman
53:46 Blast Furnace
53:36 Halberdier
58:06 Town Patrol
Connection lost

Rejoining the realm…

Still unreachable

The connection could not be restored.

Session expired

The server has moved on; the page needs a fresh start.